[Event "Titled Tuesday Blitz May 16 Late 2023"]
[White "Avalos Parra, Joao"]
[Black "Samsonkin, Artiom"]
[WhiteFideId "3402541"]
[BlackFideId "13503111"]
[WhiteElo "2173"]
[BlackElo "2524"]
[Result "1/2-1/2"]
[Round "02"]
[TimeControl "180+2"]
[Date "2023.05.16"]
[WhiteClock "0:00:14"]
[BlackClock "0:00:09"]

1. d4 d5 2. c4 e6 3. Nf3 Nf6 4. Nc3 dxc4 5. e4 b5 6. e5 Nd5 7. Nxb5 c5 8. Bxc4 a6 9. Nc3 Nb6 10. Be2 Bb7 11. O-O N8d7 12. a4 Qc7 13. a5 Nd5 14. Nxd5 Bxd5 15. Re1 cxd4 16. Qxd4 Bc5 17. Qg4 g6 18. Bf4 h5 19. Qh4 Qa7 20. Red1 Rb8 21. Rxd5 exd5 22. e6 fxe6 23. Bxb8 Qxb8 24. Bxa6 Qxb2 25. Re1 O-O 26. Rxe6 Qa1+ 27. Bf1 Nf6 28. Ne5 Kh7 29. Rxf6 Qxe5 30. Rxf8 Bxf8 31. a6 Bc5 32. Qg3 Qxg3 33. hxg3 Kg7 34. Bd3 Kf6 35. Kf1 g5 36. Ke2 Ke5 37. Kf3 Ba7 38. Bg6 h4 39. gxh4 gxh4 40. Kg4 Bxf2 41. Bd3 Kd6 42. Kf3 Ba7 43. Kg4 Kc5 44. Kxh4 Kb4 45. Kg3 Kc3 46. Bf1 d4 47. Kf3 d3 48. Bxd3 Kxd3 49. g4 Kc4 50. Ke4 Kb5 51. Kf5 Kxa6 52. Ke6 Bd4 53. g5 Bb2 54. g6 Ba1 55. Kf7 Bc3 56. g7 Bxg7 1/2-1/2


[Site "https://www.chess.com"]

[Event "Titled Tuesday Blitz May 16 Late 2023"]
[White "FromTexas54"]
[Black "Grigorov, Grigor"]
[BlackFideId "2907313"]
[WhiteElo "2378"]
[BlackElo "2510"]
[Result "0-1"]
[Round "02"]
[TimeControl "180+2"]
[Date "2023.05.16"]
[WhiteClock "0:00:12"]
[BlackClock "0:00:19"]

1. d4 Nf6 2. c4 e6 3. Nf3 b6 4. g3 Bb7 5. Bg2 Be7 6. O-O O-O 7. d5 exd5 8. Nh4 c6 9. Nf5 dxc4 10. e4 d5 11. e5 Ne8 12. Qg4 Kh8 13. Nc3 Bc8 14. Qf4 Be6 15. h4 Nd7 16. Re1 Nc5 17. Bf1 g6 18. Nxe7 Qxe7 19. Qh6 Rg8 20. b4 cxb3 21. axb3 Nxb3 22. Ba3 c5 23. Rab1 Nd4 24. Bg2 Rd8 25. Bb2 Ng7 26. Qf4 Nh5 27. Qh6 Ng7 28. Rbd1 Ngf5 29. Qf4 g5 30. hxg5 Qxg5 31. Qxg5 Rxg5 32. Ne2 Nxe2+ 33. Rxe2 d4 34. Ra1 a5 35. Bc1 Rgg8 36. Rb2 d3 37. Bf4 c4 38. Rxb6 c3 39. Rc6 d2 40. Bf3 Nd4 41. Rxc3 Nxf3+ 42. Rxf3 d1=Q+ 43. Rxd1 Rxd1+ 44. Kg2 Bd5 0-1


[Site "https://www.chess.com"]

[Event "Titled Tuesday Blitz May 16 Late 2023"]
[White "Averjanov, Alexey"]
[Black "Abduzhaparov"]
[WhiteFideId "14109867"]
[WhiteElo "2789"]
[BlackElo "2376"]
[Result "1-0"]
[Round "02"]
[TimeControl "180+2"]
[Date "2023.05.16"]
[WhiteClock "0:00:44"]
[BlackClock "0:00:00"]

1. d4 d6 2. c4 e5 3. Nc3 exd4 4. Qxd4 Nc6 5. Qd2 g6 6. b3 Bg7 7. Bb2 Nf6 8. g3 h5 9. h4 O-O 10. Bg2 Bf5 11. Nh3 Re8 12. Nf4 Ne4 13. Nxe4 Bxe4 14. Bxe4 Rxe4 15. Bxg7 Kxg7 16. Qc3+ Qf6 17. Qxf6+ Kxf6 18. Nd5+ Kg7 19. Nxc7 Rc8 20. Nd5 Nd4 21. Nc3 Re5 22. Rd1 Nf5 23. e3 a6 24. a4 Rc6 25. Kd2 Ne7 26. Ke2 Rb6 27. Rb1 Nf5 28. Rhd1 Rc6 29. Rd3 Rb6 30. Nd5 Rc6 31. Rbd1 b5 32. axb5 axb5 33. cxb5 Rc5 34. b6 Rb5 35. f4 Rexd5 36. Rxd5 Rxb3 37. R5d3 Rxb6 38. e4 Nh6 39. Rxd6 Rb3 40. R6d3 Rb4 41. Kf3 Ng4 42. R1d2 Rb1 43. Kg2 Re1 44. e5 Re4 45. Kf3 Re1 46. Re2 Rf1+ 47. Kg2 Ra1 48. e6 fxe6 49. Rxe6 Kh6 50. Rdd6 Ra2+ 51. Kf3 Ra3+ 52. Ke4 Nf2+ 53. Kd5 Rxg3 54. f5 Rd3+ 55. Kc4 Rxd6 56. Rxd6 1-0


[Site "https://www.chess.com"]

[Event "Titled Tuesday Blitz May 16 Late 2023"]
[White "Kuznetsov, Felix"]
[Black "Slavin, Alexey"]
[WhiteFideId "34147990"]
[BlackFideId "24104388"]
[WhiteElo "2281"]
[BlackElo "2264"]
[Result "1-0"]
[Round "02"]
[TimeControl "180+2"]
[Date "2023.05.16"]
[WhiteClock "0:00:17"]
[BlackClock "0:00:00"]

1. f4 Nc6 2. Nf3 e5 3. fxe5 d6 4. e4 dxe5 5. Bc4 Nf6 6. O-O Bc5+ 7. Kh1 O-O 8. Nc3 h6 9. d3 Bg4 10. Qe1 Kh8 11. Qg3 Bh5 12. Nh4 Nd4 13. Be3 c6 14. Qxe5 Re8 15. Qxc5 Nxc2 16. Rae1 Nxe1 17. Rxe1 b6 18. Qf5 b5 19. Bb3 Bg4 20. Qf1 Qe7 21. Bd4 b4 22. Na4 Rad8 23. Bxf6 Qxf6 24. Qxf6 gxf6 25. Bxf7 Re7 26. Ng6+ Kg7 27. Nxe7 Kxf7 28. Nxc6 Rxd3 29. e5 Bd7 30. Nc5 1-0


[Site "https://www.chess.com"]

[Event "Titled Tuesday Blitz May 16 Late 2023"]
[White "KVAIDAN"]
[Black "Wagner, Dennis"]
[BlackFideId "24650684"]
[WhiteElo "2372"]
[BlackElo "2478"]
[Result "1-0"]
[Round "02"]
[TimeControl "180+2"]
[Date "2023.05.16"]
[WhiteClock "0:01:15"]
[BlackClock "0:00:00"]

1. f4 Nf6 2. Nf3 g6 3. d3 d5 4. e3 Bg7 5. Be2 O-O 6. O-O c5 7. Kh1 Nc6 8. a4 Qc7 9. Nc3 e5 10. Nb5 Qe7 11. fxe5 Nxe5 12. Nxe5 Qxe5 13. e4 dxe4 14. Bf4 Qxb2 15. Rb1 Qa2 16. Bd6 exd3 17. Bxd3 Bg4 18. Qd2 Qd5 19. Bxf8 Rxf8 20. Nc3 Qd7 21. Qg5 h6 22. Qxc5 Rc8 23. Qb4 b6 24. Ne4 Nd5 25. Qb5 Ne3 26. Qxd7 Bxd7 27. Nf6+ Bxf6 28. Rxf6 Bxa4 29. Re1 Nxc2 30. Rc1 Rd8 31. Bc4 Ne3 32. Ba2 Be8 33. Rxg6+ Kf8 34. Rxh6 Nf5 35. Rh8+ Kg7 36. Rh3 Bd7 37. Rg3+ Kf6 38. Rf1 1-0


[Site "https://www.chess.com"]

[Event "Titled Tuesday Blitz May 16 Late 2023"]
[White "Bryant, Todd"]
[Black "Ivanisevic, Ivan"]
[WhiteFideId "2031299"]
[BlackFideId "912417"]
[WhiteElo "2371"]
[BlackElo "2592"]
[Result "0-1"]
[Round "02"]
[TimeControl "180+2"]
[Date "2023.05.16"]
[WhiteClock "0:00:03"]
[BlackClock "0:01:52"]

1. e4 e5 2. f4 c6 3. Nf3 d5 4. exd5 e4 5. Ne5 cxd5 6. Bb5+ Nd7 7. Qh5 g6 8. Nxg6 fxg6 9. Qe5+ Qe7 10. Qxh8 Nf6 11. Nc3 a6 12. Be2 b5 13. f5 Bb7 14. fxg6 O-O-O 15. gxh7 Bg7 0-1


[Site "https://www.chess.com"]

[Event "Titled Tuesday Blitz May 16 Late 2023"]
[White "Schuster, Karsten"]
[Black "Papasimakopoulos, Alexandros"]
[WhiteFideId "4611071"]
[BlackFideId "4244125"]
[WhiteElo "2254"]
[BlackElo "2359"]
[Result "0-1"]
[Round "02"]
[TimeControl "180+2"]
[Date "2023.05.16"]
[WhiteClock "0:00:08"]
[BlackClock "0:00:15"]

1. d4 Nf6 2. c4 e6 3. Nc3 Bb4 4. Qc2 c5 5. dxc5 Bxc5 6. Nf3 Qb6 7. e3 Be7 8. Bd3 a6 9. b3 d6 10. Bb2 Nbd7 11. Ne4 Qc7 12. O-O b6 13. Rac1 Bb7 14. Nfg5 h6 15. Nxf6+ gxf6 16. Ne4 Rg8 17. f3 f5 18. Nc3 Ne5 19. Be2 Qc5 20. Nd1 Bg5 21. Bd4 Qc6 22. Qc3 Bf6 23. Kh1 Rg6 24. Rg1 Ke7 25. b4 Rag8 26. c5 Nd7 27. cxd6+ Qxd6 28. Bxf6+ Rxf6 29. Qc7 Bd5 30. Qxd6+ Kxd6 31. Nc3 b5 32. Nxd5 exd5 33. g3 Re6 34. Rc3 Rge8 35. e4 fxe4 36. fxe4 Rxe4 37. Bh5 Rxb4 38. Bxf7 Re2 39. Rd1 Nb6 40. Rcd3 Rbb2 41. Bxd5 Rxh2+ 42. Kg1 Kc5 43. Bf3 Rxa2 44. Rc1+ Rhc2 45. Re1 Nc4 46. Rd8 a5 47. Rc8+ Kb4 48. Rb8 Rab2 49. Bc6 Kc5 50. Bf3 a4 51. Rc8+ Kb4 52. Bd5 a3 53. Bxc4 Rxc4 54. Rb8 a2 55. Rd8 Rb1 56. Rdd1 Rxd1 57. Rxd1 Ka3 58. Rd3+ Ka4 59. Rd1 b4 0-1


[Site "https://www.chess.com"]

[Event "Titled Tuesday Blitz May 16 Late 2023"]
[White "Harshavardhan G B"]
[Black "Ramirez Vido, Robert Yorisan"]
[WhiteFideId "25059009"]
[BlackFideId "3513823"]
[WhiteElo "2323"]
[BlackElo "2369"]
[Result "1-0"]
[Round "02"]
[TimeControl "180+2"]
[Date "2023.05.16"]
[WhiteClock "0:00:19"]
[BlackClock "0:00:00"]

1. e4 d6 2. d4 Nf6 3. Nc3 g6 4. Be3 c6 5. Qd2 b5 6. a3 Nbd7 7. Nf3 Qc7 8. h3 Bg7 9. Bh6 O-O 10. Bd3 e5 11. dxe5 Nxe5 12. Nxe5 dxe5 13. Ne2 Rd8 14. Ng3 c5 15. Qg5 c4 16. Be2 Bh8 17. O-O Bb7 18. Bf3 Nd7 19. Rad1 Nc5 20. Nh5 Qb6 21. Rfe1 f6 22. Qg4 Bc8 23. Qg3 Kf7 24. Rxd8 Qxd8 25. Rd1 Qe7 26. Qh4 Ne6 27. Ng3 Bb7 28. Be3 a6 29. Qxh7+ Bg7 30. Qh4 Rh8 31. Qg4 Bc8 32. Nf5 gxf5 33. exf5 Nd4 34. Bd5+ Kf8 35. Be4 Bd7 36. c3 Nb3 37. Qf3 Be8 38. Bd5 Bh5 39. g4 Bxg4 40. Qxg4 Rh7 41. Kf1 Bh6 42. Bxh6+ 1-0


[Site "https://www.chess.com"]

[Event "Titled Tuesday Blitz May 16 Late 2023"]
[White "Djokic, Mihailo"]
[Black "Kaganskiy, Gleb"]
[WhiteFideId "976440"]
[BlackFideId "4132025"]
[WhiteElo "2294"]
[BlackElo "2165"]
[Result "1-0"]
[Round "02"]
[TimeControl "180+2"]
[Date "2023.05.16"]
[WhiteClock "0:01:41"]
[BlackClock "0:00:00"]

1. e4 c6 2. d4 d5 3. e5 Bf5 4. h4 h5 5. Bg5 Qb6 6. Bd3 Bxd3 7. Qxd3 Qa6 8. Qxa6 Nxa6 9. e6 fxe6 10. Nf3 c5 11. Nc3 cxd4 12. Nb5 Rc8 13. Nbxd4 Nb4 14. Kd2 Nf6 15. c3 Ne4+ 16. Ke3 Nc6 17. Nxe6 g6 18. Rad1 Kf7 19. Nf4 e6 20. Nd3 Bd6 21. Bf4 Rhd8 22. Bxd6 Rxd6 23. Rhe1 Rf8 24. Nd2 Nxd2 25. Kxd2 e5 26. Nxe5+ Nxe5 27. Rxe5 d4 28. c4 Kf6 29. Re4 1-0


[Site "https://www.chess.com"]

[Event "Titled Tuesday Blitz May 16 Late 2023"]
[White "Topalov, Aleksandar"]
[Black "Badmatsyrenov, Oleg"]
[WhiteFideId "925659"]
[BlackFideId "24115762"]
[WhiteElo "2151"]
[BlackElo "2396"]
[Result "0-1"]
[Round "02"]
[TimeControl "180+2"]
[Date "2023.05.16"]
[WhiteClock "0:00:01"]
[BlackClock "0:01:20"]

1. b3 e5 2. Bb2 Nc6 3. c4 Nf6 4. e3 b6 5. Nf3 e4 6. Nd4 Nxd4 7. Bxd4 Bb7 8. Be2 Be7 9. O-O O-O 10. f4 exf3 11. Bxf3 Bxf3 12. Qxf3 d5 13. cxd5 Qxd5 14. Qg3 Kh8 15. Qh4 c5 16. Bxf6 Bxf6 17. Rxf6 gxf6 18. Qxf6+ Kg8 19. Nc3 Qe6 20. Qf2 f5 21. Rf1 Rad8 22. h3 Rf7 23. Ne2 Rxd2 24. Qg3+ Kf8 25. Nf4 Qe4 26. Qh4 Rg7 27. Qf6+ Kg8 28. Rf2 Qxe3 29. Qe6+ Qxe6 30. Nxe6 Rxf2 0-1


[Site "https://www.chess.com"]

[Event "Titled Tuesday Blitz May 16 Late 2023"]
[White "Sun, Rick"]
[Black "a-z30"]
[WhiteFideId "30909481"]
[WhiteElo "2169"]
[BlackElo "2367"]
[Result "1-0"]
[Round "02"]
[TimeControl "180+2"]
[Date "2023.05.16"]
[WhiteClock "0:00:19"]
[BlackClock "0:00:07"]

1. e4 d6 2. d4 Nf6 3. Nc3 g6 4. Nf3 Bg7 5. Bc4 O-O 6. h4 Bg4 7. Bg5 Nxe4 8. Nxe4 d5 9. Bd3 dxe4 10. Bxe4 Nd7 11. h5 c5 12. hxg6 hxg6 13. Qd2 Nf6 14. Bd3 Bxf3 15. gxf3 Qxd4 16. c3 Qe5+ 17. Be3 Rfd8 18. Qe2 Nd5 19. Rd1 Nf4 20. Bxf4 Qxf4 21. Rg1 Rd6 22. Rg4 Qf6 23. Re4 e6 24. Bc4 Rad8 25. Rxd6 Rxd6 26. a4 Qg5 27. f4 Qg1+ 28. Qf1 Qxf1+ 29. Bxf1 b6 30. a5 Kf8 31. axb6 Rxb6 32. Re2 a5 33. Kd1 a4 34. Kc2 Ke7 35. Re1 Bh6 36. Re4 a3 37. bxa3 Rd6 38. a4 Kf6 39. a5 Rd7 40. a6 Rc7 41. Bd3 Bf8 42. Rc4 Bd6 43. Ra4 Ra7 44. Be4 Bxf4 45. Bb7 Bd6 46. Kd3 Ke7 47. Kc4 Kd8 48. Kb5 Kc7 49. Re4 Rxb7+ 50. axb7 Kxb7 51. Re3 Kc7 52. Rf3 Kd7 53. Rxf7+ Be7 54. Rg7 Kd6 55. Rxg6 Ke5 56. Kc4 Kf5 57. Rg7 Bd6 58. Rd7 Ke5 59. f4+ 1-0


[Site "https://www.chess.com"]

[Event "Titled Tuesday Blitz May 16 Late 2023"]
[White "Mihajlov, Sebastian"]
[Black "Pavlidou, Ekaterini"]
[WhiteFideId "1512110"]
[BlackFideId "4213262"]
[WhiteElo "2478"]
[BlackElo "2126"]
[Result "1-0"]
[Round "02"]
[TimeControl "180+2"]
[Date "2023.05.16"]
[WhiteClock "0:00:24"]
[BlackClock "0:00:20"]

1. g3 d5 2. Bg2 e5 3. d3 c6 4. Nc3 f5 5. e3 Nf6 6. Nge2 Be7 7. h3 O-O 8. b3 Be6 9. a3 Nbd7 10. Bb2 a5 11. Qd2 b5 12. O-O b4 13. Na4 Bd6 14. f4 e4 15. Nd4 Bf7 16. Nxf5 Bb8 17. g4 Ba7 18. axb4 Be6 19. Nd4 Bxg4 20. hxg4 Nxg4 21. Bh3 Ndf6 22. Nc5 axb4 23. Nce6 Qe8 24. Nxf8 Qh5 25. Bxg4 Nxg4 26. Nfe6 c5 27. Nc6 c4 28. Nxg7 Bxe3+ 29. Rf2 Qh3 30. Rxa8+ Kf7 31. Ne5+ Nxe5 32. fxe5+ Ke7 33. Qxb4+ 1-0


[Site "https://www.chess.com"]

[Event "Titled Tuesday Blitz May 16 Late 2023"]
[White "Shapiro, Daniel"]
[Black "Arabidze, Meri"]
[WhiteFideId "2001780"]
[BlackFideId "13604040"]
[WhiteElo "2362"]
[BlackElo "2405"]
[Result "1/2-1/2"]
[Round "02"]
[TimeControl "180+2"]
[Date "2023.05.16"]
[WhiteClock "0:00:08"]
[BlackClock "0:00:06"]

1. d4 f5 2. Nf3 Nf6 3. c4 e6 4. Bf4 b6 5. a3 Bb7 6. Nc3 Be7 7. h3 O-O 8. e3 h6 9. Be2 d6 10. Qc2 Nbd7 11. O-O-O Ne4 12. Bd3 Ndf6 13. Rhg1 c5 14. Bh2 Rc8 15. Kb1 a6 16. Ne2 b5 17. Nf4 Qd7 18. d5 exd5 19. cxd5 c4 20. Bxe4 Nxe4 21. Nd4 c3 22. b3 Bf6 23. g4 fxg4 24. Qxe4 Rfe8 25. Nfe6 gxh3 26. Kc2 a5 27. Rg4 Rc5 28. Qg6 Kh8 29. Rdg1 Bxd5 30. Nxg7 Bxg7 31. Qxg7+ Qxg7 32. Rxg7 Be4+ 33. Kc1 b4 34. a4 Rd5 35. Ra7 Bd3 36. Rgg7 Rxd4 37. Bf4 Rd5 38. Bxh6 Be2 39. Bf4 Rd1+ 40. Kc2 Rd2+ 41. Kc1 Bd3 42. Rg3 Rc2+ 43. Kd1 Rd2+ 44. Kc1 Bf5 45. Rg5 Rc2+ 46. Kd1 Rd2+ 47. Kc1 Rc2+ 48. Kd1 Bd3 49. Rh5+ Kg8 50. Rg5+ Kh8 51. Rh5+ Kg8 52. Rg5+ Kh8 1/2-1/2


[Site "https://www.chess.com"]

[Event "Titled Tuesday Blitz May 16 Late 2023"]
[White "Koellner, Ruben Gideon"]
[Black "Gerbelli Neto, Eduardo"]
[WhiteFideId "12993093"]
[BlackFideId "2103281"]
[WhiteElo "2314"]
[BlackElo "2178"]
[Result "1-0"]
[Round "02"]
[TimeControl "180+2"]
[Date "2023.05.16"]
[WhiteClock "0:01:22"]
[BlackClock "0:00:27"]

1. d4 d5 2. Nf3 Nf6 3. Nbd2 Bf5 4. e3 e6 5. Ne5 Nfd7 6. g4 Nxe5 7. gxf5 Nec6 8. fxe6 fxe6 9. Bh3 Qf6 10. O-O Bd6 11. f4 O-O 12. Qg4 Re8 13. Nf3 Nb4 14. c3 Nd3 15. Ne5 Nxc1 16. Raxc1 c5 17. Kh1 Nc6 18. Rf2 Re7 19. Rcf1 Rf8 20. Rf3 cxd4 21. exd4 Qh6 22. Rg3 Bxe5 23. fxe5 Rxf1+ 24. Bxf1 Rf7 25. Bh3 Nd8 26. Qg5 Qxg5 27. Rxg5 h6 28. Rg1 g5 29. Kg2 Kg7 30. Bg4 Rf4 31. Be2 Nf7 32. a4 Re4 33. Bf3 Rf4 34. Kg3 Nh8 35. Bg4 Kf7 36. Bh5+ Ke7 37. Ra1 b6 38. a5 b5 39. a6 Re4 40. Ra5 Re3+ 41. Kg2 Rd3 42. Rxb5 Rd2+ 43. Kg3 Rd3+ 44. Kg2 Rd2+ 45. Kg1 g4 46. Rb7+ Kd8 47. Rb8+ Kc7 48. Rxh8 Rxb2 49. Bxg4 Rb6 50. Rh7+ Kb8 51. Rb7+ 1-0


[Site "https://www.chess.com"]

[Event "Titled Tuesday Blitz May 16 Late 2023"]
[White "Filgueira, Hernan"]
[Black "Hoffmann, Asa"]
[WhiteFideId "101770"]
[BlackFideId "2001470"]
[WhiteElo "2363"]
[BlackElo "2117"]
[Result "1-0"]
[Round "02"]
[TimeControl "180+2"]
[Date "2023.05.16"]
[WhiteClock "0:00:12"]
[BlackClock "0:00:04"]

1. c4 Nf6 2. Nc3 d6 3. g3 c6 4. Bg2 e5 5. d3 Be6 6. Nf3 h6 7. Rb1 Qd7 8. b4 Be7 9. b5 O-O 10. O-O Bh3 11. bxc6 bxc6 12. Qa4 Bxg2 13. Kxg2 a5 14. e4 Qe6 15. Nh4 Rc8 16. Nf5 Bf8 17. Rb6 Nbd7 18. Rb1 Nc5 19. Qc2 d5 20. Qe2 dxc4 21. dxc4 Rd8 22. f3 Nd3 23. Ne3 Bc5 24. Na4 Bxe3 25. Bxe3 Nb4 26. a3 Na6 27. Nb6 Rab8 28. c5 Nc7 29. Rfd1 Nb5 30. Qb2 Nd7 31. a4 Nc7 32. Rd6 Qe8 33. Rbd1 Nxb6 34. Rxd8 Rxd8 35. Rxd8 Qxd8 36. cxb6 Na6 37. b7 Nb8 38. Qb6 Qd3 39. Bf2 g5 40. g4 h5 41. h3 Qd7 42. Qa7 Qd6 43. Qxa5 Qd7 44. Qb6 Kg7 45. a5 c5 46. a6 c4 47. a7 Nc6 48. b8=Q Nxb8 49. axb8=Q 1-0


[Site "https://www.chess.com"]

[Event "Titled Tuesday Blitz May 16 Late 2023"]
[White "Fernandez Siles, Luis"]
[Black "Bruedigam, Martin"]
[WhiteFideId "2209420"]
[BlackFideId "24608033"]
[WhiteElo "2195"]
[BlackElo "2331"]
[Result "0-1"]
[Round "02"]
[TimeControl "180+2"]
[Date "2023.05.16"]
[WhiteClock "0:00:00"]
[BlackClock "0:00:11"]

1. e4 c5 2. Nf3 e6 3. c3 d5 4. exd5 exd5 5. d4 Nc6 6. Be3 c4 7. b3 cxb3 8. axb3 Nf6 9. Bd3 Bd6 10. h3 h6 11. O-O O-O 12. Nbd2 Re8 13. b4 Be6 14. Nb3 Qc8 15. b5 Ne7 16. Re1 b6 17. Bd2 Ng6 18. Ne5 Ne4 19. Nxg6 fxg6 20. Rxe4 dxe4 21. Bxe4 Kh7 22. Bxa8 Qxa8 23. Qc2 Bd5 24. f3 Re2 25. Qd3 Re7 26. c4 Bb7 27. c5 bxc5 28. dxc5 Be5 29. c6 Bxa1 30. cxb7 Qxb7 31. Nxa1 Rd7 32. Qe3 Qd5 33. Bc3 Qxb5 34. Nc2 a5 35. Nd4 Qc5 36. Kf2 a4 37. Nc2 Qc4 38. Qe5 Rc7 0-1


[Site "https://www.chess.com"]

[Event "Titled Tuesday Blitz May 16 Late 2023"]
[White "Buchenau, Frank"]
[Black "Aggelis, Nikolaos"]
[WhiteFideId "4604350"]
[BlackFideId "4213220"]
[WhiteElo "2157"]
[BlackElo "2189"]
[Result "1-0"]
[Round "02"]
[TimeControl "180+2"]
[Date "2023.05.16"]
[WhiteClock "0:00:20"]
[BlackClock "0:00:55"]

1. e4 c6 2. Nf3 d5 3. Nc3 d4 4. Ne2 c5 5. c3 Nc6 6. cxd4 cxd4 7. Qa4 e5 8. Nxe5 Bd7 9. Nxc6 Bxc6 10. Qxd4 Qxd4 11. Nxd4 Bxe4 12. Bb5+ Kd8 13. O-O a6 14. Bc4 Bg6 15. Re1 Nf6 16. Nf3 b5 17. Bb3 Bb4 18. Ne5 Re8 19. Kf1 Kc7 20. a3 Ba5 21. Bxf7 Rxe5 22. Rxe5 Bxf7 23. Re7+ Kd6 24. Rxf7 Re8 25. b4 Bb6 26. Bb2 Ne4 27. d3 Nd2+ 28. Kg1 Re2 29. Bc3 Nb3 30. Re1 Rc2 31. Be5+ Ke6 32. Rf4 Nc1 33. Bd4+ Ne2+ 34. Kf1 Bxd4 35. Rxd4 Ra2 36. Rxe2+ 1-0


[Site "https://www.chess.com"]

[Event "Titled Tuesday Blitz May 16 Late 2023"]
[White "Guz, Ari"]
[Black "Ansh M Shah"]
[WhiteFideId "2825759"]
[BlackFideId "25033379"]
[WhiteElo "2205"]
[BlackElo "2084"]
[Result "1-0"]
[Round "02"]
[TimeControl "180+2"]
[Date "2023.05.16"]
[WhiteClock "0:00:17"]
[BlackClock "0:00:08"]

1. Nf3 Nf6 2. b3 g6 3. Bb2 Bg7 4. e3 O-O 5. d4 b6 6. Nbd2 Bb7 7. Bd3 d6 8. O-O Nbd7 9. e4 Re8 10. e5 dxe5 11. dxe5 Ng4 12. Re1 Nc5 13. Bc4 Nh6 14. Qe2 a6 15. a4 e6 16. Rad1 Qc8 17. Ng5 Bd5 18. Nde4 Nxe4 19. Nxe4 Qb7 20. Qf3 Bxe4 21. Qxe4 Qxe4 22. Rxe4 Nf5 23. g4 Ne7 24. Rd7 c6 25. h3 b5 26. Be2 bxa4 27. Rxa4 Nd5 28. Rxa6 Rxa6 29. Bxa6 Nb4 30. Bb7 Nxc2 31. Bxc6 Rc8 32. Bb7 Rb8 33. Bc3 Bf8 34. Be4 Rxb3 35. Bd2 Nb4 36. Rd8 Kg7 37. Bg5 h6 38. Bf6+ Kg8 39. Be7 Nc6 40. Bxc6 1-0


[Site "https://www.chess.com"]

[Event "Titled Tuesday Blitz May 16 Late 2023"]
[White "Vaglio Munoz, Jaime"]
[Black "Ilkhomi, Jaloliddin"]
[WhiteFideId "6500145"]
[BlackFideId "14700948"]
[WhiteElo "2199"]
[BlackElo "2045"]
[Result "1-0"]
[Round "02"]
[TimeControl "180+2"]
[Date "2023.05.16"]
[WhiteClock "0:01:39"]
[BlackClock "0:01:01"]

1. Nf3 Nf6 2. c4 e6 3. b3 b6 4. Bb2 Bb7 5. g3 d5 6. Bg2 Nbd7 7. O-O Bd6 8. d3 O-O 9. a3 a6 10. b4 c5 11. bxc5 bxc5 12. Nc3 d4 13. Nb1 Rb8 14. Bc1 e5 15. Bg5 h6 16. Bxf6 Qxf6 17. Nbd2 Qe6 18. Rb1 Ba8 19. Qa4 f5 20. Qxa6 e4 21. Nh4 g5 22. Rxb8 Rxb8 23. Nxf5 Qxf5 24. Qxd6 Rb2 25. Nxe4 Rb6 26. Qc7 Rc6 27. Qd8+ Nf8 28. Nd6 Rxd6 29. Qxd6 Bxg2 30. Kxg2 Qg4 31. Qd5+ Kg7 32. Qe5+ Kf7 33. Rb1 Qc8 34. Rb8 Qc6+ 35. Qd5+ Qxd5+ 36. cxd5 Nd7 37. Rb7 Ke7 38. Kf3 Kd6 39. Rxd7+ Kxd7 40. Ke4 Kd6 41. f4 gxf4 42. gxf4 h5 43. f5 h4 44. h3 c4 45. dxc4 d3 46. exd3 Kc5 47. f6 Kd6 48. c5+ Kd7 49. Ke5 Ke8 50. Ke6 Kd8 51. a4 Kc7 52. f7 Kb7 53. f8=Q Ka6 54. Qa8# 1-0


[Site "https://www.chess.com"]

[Event "Titled Tuesday Blitz May 16 Late 2023"]
[White "Golubev, Mikhail"]
[Black "Carrasco Miranda, Andres"]
[WhiteFideId "14100983"]
[BlackFideId "3405990"]
[WhiteElo "2374"]
[BlackElo "2183"]
[Result "1-0"]
[Round "02"]
[TimeControl "180+2"]
[Date "2023.05.16"]
[WhiteClock "0:00:33"]
[BlackClock "0:00:07"]

1. e4 e5 2. Nf3 Nc6 3. Bc4 Bc5 4. c3 Nf6 5. d4 exd4 6. cxd4 Bb4+ 7. Nbd2 Nxe4 8. d5 Nxd2 9. Bxd2 Qe7+ 10. Kf1 Na5 11. d6 cxd6 12. Bxb4 Nxc4 13. Qd4 a5 14. Re1 axb4 15. Rxe7+ Kxe7 16. Qxc4 1-0


[Site "https://www.chess.com"]

[Event "Titled Tuesday Blitz May 16 Late 2023"]
[White "Kokoszczynski, Jan"]
[Black "Skaric, Djuro"]
[WhiteFideId "1174460"]
[BlackFideId "934569"]
[WhiteElo "2139"]
[BlackElo "2282"]
[Result "1-0"]
[Round "02"]
[TimeControl "180+2"]
[Date "2023.05.16"]
[WhiteClock "0:00:38"]
[BlackClock "0:01:00"]

1. d4 g6 2. Nf3 Bg7 3. e3 d6 4. Be2 Nf6 5. O-O O-O 6. b3 Nc6 7. Bb2 e5 8. c4 Nd7 9. Nc3 h6 10. d5 Ne7 11. Nd2 f5 12. f4 g5 13. g3 Nf6 14. Bd3 Ng4 15. Qe2 e4 16. Bc2 gxf4 17. gxf4 Ng6 18. Kh1 Qh4 19. Rab1 Kh7 20. Nb5 Rf7 21. Nd4 Qh5 22. Rg1 Nh4 23. Rg3 Bd7 24. Rbg1 Bxd4 25. Bxd4 Re8 26. h3 Nf3 27. Nxf3 exf3 28. Qxf3 Rg8 29. Rxg4 Rxg4 30. Qxg4 Qxg4 31. Rxg4 h5 32. Rg5 Kh6 33. h4 b6 34. a4 a5 35. Bd1 Re7 36. Rxh5+ Kg6 37. Rg5+ Kh6 38. h5 Rf7 39. Kh2 c6 40. Bf3 c5 41. Bc3 Re7 42. Bd2 Rf7 43. Kg3 Be8 44. Kh4 Kh7 45. Be2 Bd7 46. Bd3 Kh6 47. Rg6+ Kh7 48. Rxd6 Bc8 49. Kg5 Rg7+ 50. Rg6 Rf7 51. Bc3 b5 52. axb5 Bd7 53. b6 Bc6 54. Rh6+ Kg8 55. Rh8# 1-0


[Site "https://www.chess.com"]

[Event "Titled Tuesday Blitz May 16 Late 2023"]
[White "Stachanczyk, Jacek"]
[Black "Mekhane, Adam"]
[WhiteFideId "1116657"]
[BlackFideId "36050601"]
[WhiteElo "2084"]
[BlackElo "2177"]
[Result "1-0"]
[Round "02"]
[TimeControl "180+2"]
[Date "2023.05.16"]
[WhiteClock "0:00:12"]
[BlackClock "0:00:03"]

1. e4 c5 2. Nf3 Nc6 3. d4 cxd4 4. Nxd4 Nf6 5. Nc3 d6 6. Bg5 e6 7. Qd2 a6 8. O-O-O Be7 9. f4 Bd7 10. Nf3 b5 11. e5 b4 12. exf6 bxc3 13. Qxc3 gxf6 14. Bh4 Rg8 15. f5 Qa5 16. Qxa5 Nxa5 17. fxe6 fxe6 18. Bg3 d5 19. Bd3 h5 20. Nh4 f5 21. Rhe1 Rg4 22. Nf3 Nc6 23. a3 f4 24. Bf2 Rxg2 25. Bb6 Bd6 26. Bf1 Rg8 27. Rxd5 Ke7 28. Rxh5 Rh8 29. Rxh8 Rxh8 30. Bxa6 e5 31. Bb5 Ke6 32. Bc4+ Kf5 33. Bd3+ Kg4 34. Be4 Kh3 35. Rd1 Rh6 36. Rg1 Be7 37. b4 Bg4 38. Bf2 Nd4 39. Nxd4 exd4 40. Bxd4 Bg5 41. Kb2 f3 42. Bf2 Bh4 43. Bxh4 Rxh4 44. Bxf3 Bxf3 45. Rg3+ Kxh2 46. Rxf3 Kg2 47. Rc3 Kf2 48. Kb3 Ke2 49. Rc8 Kd2 50. a4 Rh3+ 51. c3 Kc1 52. a5 Rh6 53. b5 Kb1 54. a6 Rh5 55. Kb4 Rh8 56. c4 Rxc8 57. b6 Kc2 58. b7 Rc6 59. b8=Q Rxa6 60. Qh2+ Kb1 61. c5 Ra2 62. Qxa2+ Kxa2 63. c6 Kb2 64. c7 Ka1 65. c8=Q 1-0


[Site "https://www.chess.com"]

[Event "Titled Tuesday Blitz May 16 Late 2023"]
[White "Blitz"]
[Black "Alexikov, Alexander"]
[BlackFideId "14103958"]
[WhiteElo "2517"]
[BlackElo "2186"]
[Result "1-0"]
[Round "02"]
[TimeControl "180+2"]
[Date "2023.05.16"]
[WhiteClock "0:00:08"]
[BlackClock "0:00:12"]

1. d4 Nf6 2. Nc3 g6 3. e4 d6 4. f4 Bg7 5. Nf3 O-O 6. Be2 c5 7. dxc5 Qa5 8. O-O Qxc5+ 9. Kh1 Nc6 10. h3 Nh5 11. Qe1 e5 12. f5 gxf5 13. exf5 Bxf5 14. g4 Bxc2 15. gxh5 Kh8 16. h6 Bf6 17. Ng5 Bxg5 18. Bxg5 f5 19. Qh4 Rf7 20. Bh5 Rd7 21. Rg1 Rg7 22. Bf6 Kg8 23. Rxg7+ Kf8 24. Be7+ 1-0


[Site "https://www.chess.com"]